 Dungeon Crawl Stone Soup version 0.27-a0-1278-g6cbc8dfb29 (webtiles) character file.

Game seed: 16611596341555611800

49834 pokeman the Eclecticist (level 14, -4/80 HPs)
             Began as a Deep Elf Hedge Wizard on June 12, 2021.
             Was a High Priest of Vehumet.
             Slain by a white ugly thing (5 damage)
             ... on level 15 of the Dungeon on June 13, 2021.
             The game lasted 01:00:26 (17094 turns).

pokeman the Eclecticist (Deep Elf Hedge Wizard)    Turns: 17094, Time: 01:00:28

Health: -4/80      AC: 11    Str:  7    XL:     14   Next: 17%
Magic:  22/39      EV: 12    Int: 25    God:    Vehumet [*****.]
Gold:   772        SH:  7    Dex: 14    Spells: 28/51 levels left

rFire    . . .     SeeInvis .   D - staff of earth
rCold    . . .     Faith    .   P - +2 buckler
rNeg     + . .     Spirit   .   w - +0 acid dragon scales
rPois    .         Reflect  .   c - +0 hat
rElec    .         Harm     .   (no cloak)
rCorr    +         Rampage  .   M - +2 pair of gloves
Will     ++...                  b - +0 pair of boots
Stlth    ++........             k - amulet of magic regeneration
HPRegen  0.23/turn              g - ring of positive energy
MPRegen  0.51/turn              f - ring of willpower

@: no status effects
A: no striking features
a: Renounce Religion


You were on level 15 of the Dungeon.
You worshipped Vehumet.
Vehumet was extremely pleased with you.
You visited 2 branches of the dungeon, and saw 16 of its levels.

You collected 884 gold pieces.
You spent 112 gold pieces at shops.

Inventory:

Hand Weapons
 u - a +0 hand crossbow
Missiles
 l - 282 bolts
Armour
 b - a +0 pair of boots (worn)
 c - a +0 hat (worn)
 h - a +2 leather armour of cold resistance
 m - a +1 robe of fire resistance
 w - +0 acid dragon scales (worn)
 M - a +2 pair of gloves (worn)
 P - a +2 buckler (worn)
Magical Staves
 e - a staff of death
 D - a staff of earth (weapon)
Jewellery
 d - a ring of fire
 f - a ring of willpower (right hand)
 g - a ring of positive energy (left hand)
 k - an amulet of magic regeneration (around neck)
 p - a ring of fire
 B - a ring of see invisible
 U - a ring of ice
Wands
 a - a wand of mindburst (11)
 v - a wand of digging (3)
 L - a wand of iceblast (11)
 T - a wand of acid (4)
Scrolls
 o - 5 scrolls of magic mapping
 q - 6 scrolls of teleportation
 y - a scroll of immolation
 C - 3 scrolls of enchant armour {unknown}
 E - 3 scrolls of blinking {unknown}
 H - a scroll of enchant weapon {unknown}
 W - a scroll of torment {unknown}
 Y - 2 scrolls of silence {unknown}
Potions
 i - 3 potions of haste
 j - 2 potions of invisibility
 n - 2 potions of might
 r - a potion of magic {unknown}
 s - 9 potions of heal wounds
 x - 3 potions of mutation {unknown}
 z - a potion of attraction {unknown}
 A - 2 potions of flight {unknown}
 I - 2 potions of brilliance {unknown}
 N - 3 potions of curing
 R - 3 potions of lignification {unknown}
 X - 2 potions of berserk rage {unknown}
Miscellaneous
 S - a condenser vane


   Skills:
 - Level 6.0 Fighting
 + Level 5.2 Armour
 - Level 3.3 Dodging
 - Level 3.1 Stealth
 - Level 4.0 Shields
 * Level 19.4 Spellcasting
 + Level 12.0 Conjurations
 - Level 1.1 Summonings
 - Level 1.1 Translocations
 + Level 11.6 Fire Magic
 - Level 1.1 Air Magic
 - Level 2.0 Earth Magic
 - Level 1.0 Poison Magic
 - Level 2.4 Evocations


You had 28 spell levels left.
You knew the following spells:

 Your Spells              Type           Power      Damage    Failure   Level
a - Magic Dart            Conj           100%       1d8       0%          1
b - Mephitic Cloud        Conj/Pois/Air  48%        N/A       1%          3
c - Call Imp              Summ           29%        N/A       3%          2
d - Blink                 Tloc           N/A        N/A       3%          2
e - Conjure Flame         Conj/Fire      70%        6-21      1%          3
f - Foxfire               Conj/Fire      100%       2x1d9     1%          1
g - Fireball              Conj/Fire      35%        3d15      1%          5
h - Bolt of Magma         Conj/Fire/Erth 39%        4d17      1%          5
i - Apportation           Tloc           58%        N/A       1%          1

Your spell library contained the following spells:

 Spells                   Type           Power      Damage    Failure   Level
 Airstrike                Air            15%        N/A       5%          4
 Freeze                   Ice            96%        1d11      1%          1
 Summon Small Mammal      Summ           100%       N/A       1%          1
 Inner Flame              Hex/Fire       52%        N/A       1%          3
 Hailstorm                Conj/Ice       53%        3d12      1%          4
 Sticky Flame             Conj/Fire      70%        2d8       1%          4
 Frozen Ramparts          Ice            48%        1d6       2%          3
 Animate Skeleton         Necr           48%        N/A       3%          1
 Corona                   Hex            26%        N/A       3%          1
 Slow                     Hex            24%        N/A       4%          2
 Ozocubu's Armour         Ice            24%        N/A       10%         3
 Cause Fear               Hex            12%        N/A       32%         4
 Summon Mana Viper        Hex/Summ       27%        N/A       58%         5
 Metabolic Englaciation   Hex/Ice        12%        N/A       65%         5
 Invisibility             Hex            12%        N/A       99%         6


Dungeon Overview and Level Annotations

Branches:
Dungeon (15/15)            Temple (1/1) D:4            Lair (0/6) D:10
    Orc (0/2) D:10         Vaults (0/5) D:14
 Depths: D:15

Altars:
Ashenzari
Cheibriados
Dithmenos
Elyvilon
Fedhas
Gozag
Hepliaklqana
Kikubaaqudgha
Makhleb
Nemelex Xobeh
Okawaru
Qazlal
Ru
Sif Muna
Trog
Uskayaw
Vehumet
Wu Jian
Xom
Yredelemnul
Zin
The Shining One

Shops:
D:4 ?

Portals:
Trove: D:10 (show slimy rune of Zot)

Annotations:
D:9 3 runed translucent doors, deletemesenpai's ghost, journeyman HOFi
D:14 3 runed translucent doors, Demosthentine's ghost, journeyman MfGl


Message History

Confirm with . or Enter, or press ? or * to list all spells.
Aiming: Bolt of Magma (dangerous; 1% risk of failure)
Press: ? - help, Shift-Dir - straight line, f/p - white ugly thing
Aim: a white ugly thing (moderately wounded, 74% to hit)
You feel a surge of power!
The bolt of magma misses the white ugly thing.
The bolt of magma misses the brown ugly thing.
The bolt of magma hits the white ugly thing!!
The white ugly thing is almost dead.
The white ugly thing basks in the mutagenic energy from its kin and changes!
The white ugly thing punches you! The white ugly thing freezes you!!
* * * LOW HITPOINT WARNING * * *
Unknown command.
Casting: Bolt of Magma (dangerous; 1% risk of failure)
Confirm with . or Enter, or press ? or * to list all spells.
Aiming: Bolt of Magma (dangerous; 1% risk of failure)
Press: ? - help, Shift-Dir - straight line, f/p - white ugly thing
Aim: a white ugly thing (moderately wounded, 74% to hit)
You feel a surge of power!
The bolt of magma hits the white ugly thing!!!
The white ugly thing is almost dead.
The bolt of magma hits the brown ugly thing!!
You kill the brown ugly thing!
Vehumet accepts your kill.
The bolt of magma hits the brown ugly thing!!!
You kill the brown ugly thing!
Vehumet accepts your kill.
You feel your power returning. The white ugly thing punches you.
* * * LOW HITPOINT WARNING * * *
The white ugly thing freezes you!
* * * LOW HITPOINT WARNING * * *
Casting: Bolt of Magma (dangerous; 1% risk of failure)
Confirm with . or Enter, or press ? or * to list all spells.
Aiming: Bolt of Magma (dangerous; 1% risk of failure)
Press: ? - help, Shift-Dir - straight line, f/p - white ugly thing
Aim: a white ugly thing (almost dead, 74% to hit)
You feel a surge of power!
The bolt of magma misses the white ugly thing.
The white ugly thing punches you.
You die...

###
#.######################
#.......................
#.######################
#......@u......
###############


You could see a white ugly thing.

Vanquished Creatures
  Snorg (D:13)
  Fannar (D:10)
  2 boulder beetles
  A hydra (D:13)
  An ogre mage (D:14)
  Erolcha (D:10)
  2 centaur warriors
  7 two-headed ogres
  A satyr (shapeshifter) (D:15)
  A tengu warrior (D:14)
  5 large abominations (D:14)
  A wizard (D:14)
  An orc knight (D:15)
  2 necromancers (D:14)
  27 ugly things
  A deep elf pyromancer (D:12)
  2 manticores
  Joseph (D:8)
  8 yaktaurs (D:15)
  An unseen horror (D:12)
  5 kobold demonologists
  4 komodo dragons
  2 tengu conjurers
  6 meliai
  2 trolls
  17 slime creatures
  A vampire (D:8)
  3 wraiths
  Sigmund (D:3)
  6 shadows
  2 basilisks
  2 humans (D:7)
  4 vampire mosquitoes (D:12)
  9 yaks
  2 steam dragons
  An acid dragon (D:12)
  Duvessa (D:6)
  5 water moccasins
  Purgy (D:3)
  6 orc warriors
  2 sky beasts
  2 black bears
  A necrophage (D:4)
  7 ogres
  2 boggarts (D:15)
  2 centaurs (D:8)
  7 small abominations (D:14)
  3 phantoms
  3 kobold brigands
  4 bullfrogs
  4 gnoll sergeants
  A scorpion (D:4)
  Dowan (D:6)
  A water moccasin zombie (D:5)
  A water moccasin skeleton (D:5)
  8 killer bees (D:9)
  5 wights (D:8)
  2 howler monkeys
  A centaur zombie (D:9)
  4 hounds
  7 orc priests
  4 jellies
  A centaur skeleton (D:7)
  3 iguanas
  16 orc wizards
  A hound skeleton (D:5)
  34 gnolls
  9 adders
  3 ufetubi (D:4)
  2 worms
  2 dart slugs (D:1)
  66 orcs
  4 bats
  7 endoplasms
  2 giant cockroaches
  5 goblins
  5 hobgoblins
  21 jackals
  11 kobolds
  5 quokkas
  9 ball pythons
  4 frilled lizards
  3 rats
432 creatures vanquished.

Vanquished Creatures (collateral kills)
  A black bear (D:5)
  A killer bee (D:9)
  Terence (D:3)
  An orc (D:7)
  A foxfire (D:7)
5 creatures vanquished.

Vanquished Creatures (others)
  492 foxfires
  22 fungi (D:10)
  32 plants (D:10)
546 creatures vanquished.

Grand Total: 983 creatures vanquished

Notes
Turn   | Place    | Note
-------+----------+-------------------------------------------
     0 | D:1      | pokeman the Deep Elf Hedge Wizard began the quest for the
                  | Orb.
     0 | D:1      | Reached XP level 1. HP: 10/10 MP: 7/7
   309 | D:1      | Reached XP level 2. HP: 16/16 MP: 6/9
   842 | D:1      | Reached skill level 5 in Spellcasting
  1089 | D:1      | Found a faded altar of an unknown god.
  1107 | D:1      | Reached XP level 3. HP: 20/20 MP: 7/11
  1111 | D:1      | Learned a level 3 spell: Mephitic Cloud
  1114 | D:1      | Learned a level 2 spell: Call Imp
  1117 | D:1      | Learned a level 2 spell: Blink
  1121 | D:1      | Learned a level 3 spell: Conjure Flame
  1724 | D:2      | Reached skill level 1 in Fighting
  1724 | D:2      | Reached skill level 1 in Armour
  1976 | D:2      | Reached XP level 4. HP: 25/25 MP: 3/13
  2676 | D:3      | HP: 1/25 [poisoned by an adder]
  3034 | D:3      | Reached skill level 6 in Spellcasting
  3034 | D:3      | Reached skill level 1 in Fire Magic
  3106 | D:3      | Noticed Purgy
  3125 | D:3      | Noticed Sigmund
  3130 | D:3      | Killed Purgy
  3131 | D:3      | Reached XP level 5. HP: 22/29 MP: 6/16
  3231 | D:3      | Killed Sigmund
  3232 | D:3      | Reached skill level 7 in Spellcasting
  3232 | D:3      | Reached XP level 6. HP: 34/34 MP: 8/18
  3453 | D:3      | Noticed Terence
  3523 | D:3      | Killed Terence
  3666 | D:4      | Reached skill level 8 in Spellcasting
  3748 | D:4      | Reached skill level 1 in Air Magic
  3748 | D:4      | Reached XP level 7. HP: 37/38 MP: 12/20
  3919 | D:4      | Found a staircase to the Ecumenical Temple.
  3932 | D:4      | Found Notiklops's Magic Scroll Boutique.
  3934 | Temple   | Entered the Ecumenical Temple
  4175 | D:4      | Bought a scroll of noise for 14 gold pieces
  4175 | D:4      | Bought a scroll of teleportation for 42 gold pieces
  4175 | D:4      | Bought a scroll of identify for 28 gold pieces
  4175 | D:4      | Bought a scroll of identify for 28 gold pieces
  4313 | D:4      | Reached skill level 1 in Poison Magic
  4340 | D:4      | Found a snail-covered altar of Cheibriados.
  4340 | D:4      | Found a radiant altar of Vehumet.
  4370 | D:4      | Reached skill level 9 in Spellcasting
  4445 | D:4      | Became a worshipper of Vehumet
  4610 | D:4      | Found a glowing silver altar of Zin.
  4818 | D:5      | Entered Level 5 of the Dungeon
  5150 | D:5      | Reached XP level 8. HP: 44/44 MP: 19/23
  5207 | D:5      | Reached * piety under Vehumet
  5207 | D:5      | Offered knowledge of Foxfire by Vehumet.
  5210 | D:5      | Learned a level 1 spell: Foxfire
  5306 | D:5      | Reached skill level 10 in Spellcasting
  5543 | D:5      | Reached skill level 5 in Conjurations
  5729 | D:5      | Found a shimmering altar of Xom.
  5850 | D:5      | Reached ** piety under Vehumet
  5853 | D:5      | Offered knowledge of Poisonous Vapours by Vehumet.
  6077 | D:5      | Reached skill level 11 in Spellcasting
  6244 | D:6      | Noticed Duvessa
  6247 | D:6      | Noticed Dowan
  6253 | D:6      | Killed Duvessa
  6254 | D:6      | Reached XP level 9. HP: 45/48 MP: 23/26
  6265 | D:6      | Killed Dowan
  6421 | D:6      | Offered knowledge of Static Discharge by Vehumet.
  6557 | D:6      | Reached skill level 1 in Shields
  6557 | D:6      | Reached skill level 5 in Fire Magic
  6627 | D:6      | Noticed a komodo dragon
  6700 | D:6      | Killed a komodo dragon
  6739 | D:6      | Reached skill level 1 in Evocations
  6942 | D:6      | Learned a level 5 spell: Fireball
  6998 | D:6      | Reached skill level 12 in Spellcasting
  7019 | D:7      | Noticed a two-headed ogre
  7023 | D:7      | Killed a two-headed ogre
  7041 | D:7      | Reached *** piety under Vehumet
  7145 | D:7      | Reached XP level 10. HP: 28/53 MP: 23/28
  7163 | D:7      | Found an iron altar of Okawaru.
  7640 | D:8      | Offered knowledge of Iskenderun's Mystic Blast by Vehumet.
  7734 | D:8      | Reached skill level 13 in Spellcasting
  7884 | D:8      | Noticed Joseph
  7895 | D:8      | Killed Joseph
  8169 | D:8      | Found a blossoming altar of Fedhas.
  8963 | D:9      | Reached **** piety under Vehumet
  9437 | D:9      | Found a runed translucent gate.
  9437 | D:9      | Found a runed translucent gate.
  9437 | D:9      | Found a runed translucent gate.
  9439 | D:9      | Noticed a spectral centaur warrior
  9440 | D:9      | Noticed a spectral centaur warrior
  9441 | D:9      | Noticed a spectral centaur warrior
  9442 | D:9      | Noticed deletemesenpai's ghost (journeyman HOFi)
  9867 | D:10     | Entered Level 10 of the Dungeon
  9872 | D:10     | Noticed a two-headed ogre
  9938 | D:10     | Found a portal to a secret trove of treasure.
  9940 | D:10     | Noticed Erolcha
 10003 | D:10     | Offered knowledge of Bolt of Magma by Vehumet.
 10004 | D:10     | Reached skill level 14 in Spellcasting
 10010 | D:10     | Learned a level 5 spell: Bolt of Magma
 10018 | D:10     | Killed a two-headed ogre
 10019 | D:10     | Reached XP level 11. HP: 60/60 MP: 9/31
 10173 | D:10     | Killed Erolcha
 10264 | D:10     | Found a staircase to the Lair.
 10348 | D:10     | Noticed Fannar
 10352 | D:10     | Killed Fannar
 10427 | D:10     | Reached ***** piety under Vehumet
 10574 | D:10     | Found a staircase to the Orcish Mines.
 10826 | D:11     | Noticed a two-headed ogre
 10830 | D:11     | Killed a two-headed ogre
 10831 | D:11     | Reached skill level 15 in Spellcasting
 10832 | D:11     | Offered knowledge of Spellforged Servitor by Vehumet.
 10838 | D:11     | Noticed a boulder beetle
 10909 | D:11     | Noticed a centaur warrior
 10913 | D:11     | Killed a centaur warrior
 11028 | D:11     | Killed a boulder beetle
 11029 | D:11     | Reached skill level 1 in Earth Magic
 11705 | D:12     | Noticed a brown ugly thing
 11804 | D:11     | Killed a brown ugly thing
 11902 | D:12     | Noticed a red ugly thing
 11952 | D:12     | Killed a red ugly thing
 11953 | D:12     | Reached XP level 12. HP: 41/66 MP: 9/33
 12239 | D:12     | Reached skill level 16 in Spellcasting
 12447 | D:12     | Noticed a boulder beetle
 12450 | D:12     | Noticed a two-headed ogre
 12517 | D:12     | Killed a two-headed ogre
 12573 | D:12     | Killed a boulder beetle
 12655 | D:12     | Noticed a two-headed ogre
 12670 | D:12     | Killed a two-headed ogre
 12722 | D:12     | Reached skill level 10 in Conjurations
 13107 | D:12     | Reached skill level 17 in Spellcasting
 13427 | D:13     | Noticed a centaur warrior
 13432 | D:13     | Killed a centaur warrior
 13607 | D:13     | Noticed a five-headed hydra
 13611 | D:13     | Killed a five-headed hydra
 13612 | D:13     | Reached skill level 10 in Fire Magic
 13800 | D:13     | Noticed Snorg
 13835 | D:13     | Killed Snorg
 14329 | D:14     | Reached XP level 13. HP: 70/70 MP: 22/36
 14332 | D:14     | Reached skill level 5 in Armour
 14715 | D:14     | Reached skill level 18 in Spellcasting
 14921 | D:14     | Reached skill level 5 in Fighting
 15010 | D:14     | Offered knowledge of Airstrike by Vehumet.
 15099 | D:14     | Noticed a lich
 15100 | D:14     | Found an ancient bone altar of Kikubaaqudgha.
 15100 | D:14     | Noticed Demosthentine's ghost (journeyman MfGl)
 15100 | D:14     | Noticed a lich
 15101 | D:14     | Found a runed translucent gate.
 15101 | D:14     | Found a runed translucent gate.
 15101 | D:14     | Found a runed translucent gate.
 15101 | D:14     | Noticed a lich
 15101 | D:14     | Noticed a lich
 15551 | D:14     | Identified the Disquisition on Hexes
 15632 | D:14     | Learned a level 1 spell: Apportation
 15710 | D:14     | Found a gate to the Vaults.
 15966 | D:15     | Entered Level 15 of the Dungeon
 16101 | D:15     | Reached skill level 19 in Spellcasting
 16193 | D:15     | Reached XP level 14. HP: 45/79 MP: 11/39
 17093 | D:15     | HP: 1/80 [white ugly thing (13)]
 17094 | D:15     | Slain by a white ugly thing

Illustrated notes

Levels and vault maps discovered:
D:1:      lemuel_arrival_river_ford, layout_basic,
          ebering_ecumenical_altar_ruins
D:2:      layout_basic
D:3:      layout_rooms, supply_closet_lemuel, uniq_purgy, uniq_sigmund,
          uniq_terence
D:4:      layout_loops_cross, chequers_temple_overflow_statue_of_worship,
          nicolae_overflow_crystal_walls, minmay_temple_entry_stoned_glass,
          serial_shops, nicolae_shop_window_shopping, minmay_misc_feat_room
D:5:      lemuel_castle_with_subvaults [lemuel_castle_interior_carwin_1],
          layout_loops_corners, lemuel_coloured_pillars_altar,
          chequers_serial_rivers_micro_e, chequers_garden
D:6:      layout_cave_pools, serial_column_ruins, column_ruins_grid_1,
          column_ruins_corridor_straight, column_ruins_grid_1,
          column_ruins_columns_straight, column_ruins_grid_1,
          minmay_small_thing, uniq_duvessa
D:7:      layout_rooms, okawaru_humans
D:8:      layout_cave_pools, kennysheep_mini, serial_rivers,
          chequers_serial_rivers_small_b, chequers_serial_rivers_micro_a,
          chequers_serial_rivers_micro_d, chequers_serial_rivers_large_b,
          chequers_serial_rivers_micro_e, chequers_serial_rivers_large_a,
          nzn_life_drinkers, uniq_joseph
D:9:      layout_layer_cave, gammafunk_ghost_necromancy
D:10:     layout_cave_pools, due_lair_maze_entry_diamond, david_orc_2,
          enter_trove_0, uniq_erolcha, uniq_fannar
D:11:     layout_rooms
D:12:     minmay_clustersquares, layout_basic, blue_anna_alchemist
D:13:     layout_basic, uniq_snorg
D:14:     layout_loops_ring, david_vaults_1, small_statue_alley_a,
          gammafunk_ghost_crypt, laboratory
D:15:     hangedman_depths_entry_try_elsewhere_first, layout_basic,
          pdpol_wu_jian_five_deadly_venoms
Temple:   regret_index_temple_sphere_string

Skill      XL: |  1  2  3  4  5  6  7  8  9 10 11 12 13 14 |
---------------+-------------------------------------------+-----
Spellcasting   | 5 6 7 8 9 11 12 14 15 17 19 | 19.4
Fighting       | 1 2 3 4 5 6 |  6.0
Armour         | 1 2 3 4 5 |  5.2
Conjurations   | 2 3 4 5 6 8 9 10 11 12 | 12.0
Fire Magic     | 1 2 4 5 7 8 10 11 | 11.6
Dodging        | 3 |  3.3
Stealth        | 3 |  3.1
Air Magic      | 1 |  1.1
Poison Magic   | 1 |  1.0
Shields        | 2 3 4 |  4.0
Evocations     | 2 |  2.4
Earth Magic    | 2 |  2.0
Summonings     | |  1.1
Translocations | |  1.1

Action                   |  1- 3 |  4- 6 |  7- 9 | 10-12 | 13-15 || total
-------------------------+-------+-------+-------+-------+-------++-------
Melee: Dagger            |    17 |     6 |       |       |       ||    23
       Long sword        |       |       |    29 |       |       ||    29
       Spear             |       |       |    27 |    58 |       ||    85
       Staff             |       |       |       |       |     7 ||     7
 Cast: Magic Dart        |   100 |   102 |   172 |    10 |       ||   384
       Mephitic Cloud    |       |     4 |    11 |    19 |     3 ||    37
       Conjure Flame     |       |     7 |    12 |     9 |     2 ||    30
       Call Imp          |       |     7 |     3 |     3 |     3 ||    16
       Foxfire           |       |       |   182 |    87 |       ||   269
       Fireball          |       |       |     4 |   163 |    68 ||   235
       Blink             |       |       |     2 |     4 |       ||     6
       Bolt of Magma     |       |       |       |    49 |    81 ||   130
Evoke: Wand              |       |       |       |     4 |       ||     4
  Use: Scroll            |       |       |       |    12 |     2 ||    14
 Stab: Confused          |       |     1 |     1 |     3 |       ||     5
       Distracted        |       |       |       |     1 |       ||     1
Armor: Robe              |    10 |     1 |       |       |       ||    11
       Leather armour    |       |     2 |       |       |       ||     2
       Troll leather arm |       |     9 |    41 |    25 |       ||    75
       Acid dragon scale |       |       |       |       |    14 ||    14
Dodge: Dodged            |    21 |    22 |    61 |    53 |    14 ||   171
Block: Buckler           |       |       |       |     2 |     9 ||    11
       Rpst.: Long sword |       |       |    11 |       |       ||    11

Table legend: (Time is in decaauts)
 A = Elapsed time spent in this place.
 B = Non-inter-level travel time spent in this place.
 C = Inter-level travel time spent in this place.
 D = Time resting spent in this place.
 E = Time spent auto-exploring this place.
 F = Levels seen in this place.
 G = Mean time per level.
                   A        B        C        D        E       F      G
               +--------+--------+--------+--------+--------+-----+--------+
         Total |  17189 |  15994 |   1195 |   1122 |  11775 |  16 | 1074.3 |
       Dungeon |  16983 |  15803 |   1180 |   1122 |  11628 |  15 | 1132.2 |
        Temple |    205 |    190 |     15 |      0 |    147 |   1 |  205.0 |
               +--------+--------+--------+--------+--------+-----+--------+

Top non-repeatable levels by time:
     D:1: 1705 daAuts
     D:9: 1630 daAuts
     D:5: 1526 daAuts
    D:14: 1507 daAuts
    D:12: 1401 daAuts
    D:15: 1128 daAuts
     D:4: 1041 daAuts
     D:2: 988 daAuts
     D:3: 973 daAuts
     D:6: 925 daAuts
    D:13: 904 daAuts
     D:8: 898 daAuts
    D:10: 895 daAuts
    D:11: 768 daAuts
     D:7: 686 daAuts
